 Dungeon Crawl Stone Soup version 0.17.0-24-gcfadda4 (webtiles) character file.

1139 Ivanskos the Fighter (level 8, -2/74 HPs)
             Began as a Minotaur Monk on Nov 17, 2015.
             Killed by divine providence
             ... invoked by an orc priest
              (16 damage)
             ... on level 5 of the Dungeon.
             The game lasted 00:27:30 (4486 turns).

Ivanskos the Fighter (Minotaur Monk)                Turns: 4486, Time: 00:27:31

Health: -2/74      AC:  6    Str: 18    XL:     8   Next: 14%
Magic:  7/7        EV: 15    Int:  7    God:
Gold:   139        SH:  0    Dex: 13    Spells: 0 memorised, 7 levels left

rFire  . . .     SeeInvis .       - Unarmed
rCold  + . .     Clarity  .     a - +1 robe
rNeg   . . .     SustAt   +     (no shield)
rPois  +         Gourm    .     (helmet restricted)
rElec  .         Spirit   .     g - +1 cloak {rPois}
rCorr  .         Warding  .     n - +0 pair of gloves
rMut   .         Stasis   .     (no boots)
MR     .....                    s - amulet of faith
Stlth  ++........               d - ring of protection from cold
                                h - ring of sustain attributes

@: flying, not resistant to hostile enchantments, unstealthy
A: retaliatory headbutt, horns 2
a: no special abilities


You were on level 5 of the Dungeon.
You were not hungry.

You visited 1 branch of the dungeon, and saw 5 of its levels.

You collected 242 gold pieces.
You spent 103 gold pieces at shops.

Inventory:

Armour
 a - a +1 robe (worn)
 g - a +1 cloak of poison resistance (worn)
 n - a +0 pair of gloves (worn)
Jewellery
 d - a ring of protection from cold (right hand)
 h - a ring of sustain attributes (left hand)
 s - an amulet of faith (around neck)
Wands
 t - a wand of flame (16)
 u - a wand of slowing (48)
 v - a wand of teleportation (0)
Scrolls
 c - 3 scrolls of identify
 f - 4 scrolls of magic mapping
 m - 3 scrolls of amnesia {unknown}
 o - a scroll of remove curse
 r - a scroll of fog
Potions
 e - a potion of flight
 i - 7 potions of curing {unknown}
 j - a potion of poison {unknown}
 k - a potion of cure mutation {unknown}
 l - a potion of cancellation {unknown}
 x - a potion of berserk rage {unknown}
 z - 2 potions of brilliance {unknown}
Comestibles
 b - 3 bread rations
 p - a meat ration
 q - a slice of pizza
 w - 4 fruits


   Skills:
 * Level 8.2 Fighting
 + Level 5.7 Dodging
 - Level 1.5 Stealth
 * Level 8.0 Unarmed Combat


You had 7 spell levels left.
You didn't know any spells.

Dungeon Overview and Level Annotations

Branches:
Dungeon (5/15)
 Temple: D:4-7

Altars:
Cheibriados
Dithmenos
Elyvilon
Sif Muna
The Shining One

Shops:
D:4 [((%


Innate Abilities, Weirdness & Mutations

You reflexively headbutt those who attack you in melee.
You have a pair of horns on your head.


Message History

Reactivating autopickup.
You feel a bit more experienced.
The worker ant waves its antennae.
The orc priest miscasts a cantrip.
The worker ant closely misses you.
You punch the worker ant!
You kill the worker ant!
The orc priest calls down the wrath of Beogh upon you.
Something smites you!
* * * LOW HITPOINT WARNING * * *
You feel very buoyant.
You fly up into the air.
The orc hits you with a mace.
* * * LOW HITPOINT WARNING * * *
You hit the orc. You headbutt the orc.
You kill the orc!
You punch the quokka zombie!
You destroy the quokka zombie!
The orc priest mumbles some strange prayers to Beogh against you.
Something smites you!
You die...

#.# ###.## #.# #....# #.#
#....# #.# #....# #####'##
#..... ##### #......# #.....
...# #......# #.....
###.###.######......# #.##..
'......Zoo)@.'......# #.##..
###.#..)######......###.#...
........ #.......##.###.
#.#...#..% ###.......##.....
.....o.#.##..........#####.
###...###.##..).......'รท.##.
#S# .##..........##.##. ..
##..........##....
#...........##..##


You could see an orc priest, an orc and a hound zombie.

Vanquished Creatures
  The ghost of Vanger the Ruffian, an amateur TrBe of Trog (D:5)
  Purgy (D:3)
  An ogre (D:4)
  The ghost of Burgietje the Skirmisher, an amateur MiFi (D:4)
  Blork the orc (D:5)
  A crimson imp (D:3)
  2 centaur skeletons
  A hound (D:5)
  Crazy Yiuf (D:5)
  Ijyb (D:3)
  2 iguanas (D:4)
  A worker ant (D:5)
  Natasha (thrice) (D:3)
  3 orc wizards
  Robin (D:3)
  4 adders
  2 oozes
  2 adder skeletons (D:4)
  2 worms
  4 giant geckos
  8 orcs
  2 ball pythons
  9 bats (D:1)
  5 giant cockroaches
  16 goblins
  12 hobgoblins
  11 jackals
  A quokka (D:2)
  8 giant newts
  8 kobolds
  A quokka zombie (D:5)
  6 rats
122 creatures vanquished.

Notes
Turn   | Place    | Note
--------------------------------------------------------------
     0 | D:1      | Ivanskos the Minotaur Monk began the quest for the Orb.
     0 | D:1      | Reached XP level 1. HP: 19/19 MP: 0/0
   170 | D:1      | Reached XP level 2. HP: 24/27 MP: 1/1
   568 | D:1      | Reached XP level 3. HP: 33/33 MP: 2/2
   782 | D:2      | Reached skill level 5 in Unarmed Combat
  1148 | D:2      | Found a glowing golden altar of the Shining One.
  1491 | D:2      | Found a snail-covered altar of Cheibriados.
  1501 | D:2      | Reached XP level 4. HP: 39/41 MP: 3/3
  1598 | D:3      | Noticed Robin
  1603 | D:3      | Reached skill level 5 in Fighting
  1621 | D:3      | Killed Robin
  1951 | D:3      | Reached XP level 5. HP: 33/48 MP: 4/4
  1984 | D:3      | Noticed Ijyb
  1984 | D:3      | Noticed Natasha
  1996 | D:3      | Killed Natasha
  2108 | D:3      | Noticed Natasha
  2118 | D:3      | Killed Natasha
  2145 | D:3      | Killed Ijyb
  2145 | D:3      | Reached skill level 6 in Unarmed Combat
  2376 | D:3      | Found a shadowy altar of Dithmenos.
  2392 | D:3      | Noticed Purgy
  2407 | D:3      | Killed Purgy
  2407 | D:3      | Reached XP level 6. HP: 21/57 MP: 5/5
  2684 | D:3      | Noticed Natasha
  2689 | D:3      | Killed Natasha
  2840 | D:3      | Found a deep blue altar of Sif Muna.
  3085 | D:4      | Found Cacur's Weapon Shop.
  3099 | D:4      | Found Biceozxe's Food Shoppe.
  3129 | D:4      | Found Miczyboe's Antique Weapon Shoppe.
  3204 | D:4      | Found Biloatex's Antique Armour Emporium.
  3213 | D:4      | Found a white marble altar of Elyvilon.
  3321 | D:4      | Bought a glowing cloak for 103 gold pieces
  3356 | D:4      | Noticed Burgietje's ghost (amateur MiFi)
  3441 | D:4      | Killed Burgietje's ghost
  3644 | D:4      | Reached XP level 7. HP: 55/64 MP: 6/6
  3806 | D:4      | Reached skill level 7 in Fighting
  3895 | D:4      | Reached skill level 5 in Dodging
  4015 | D:5      | Entered Level 5 of the Dungeon
  4063 | D:5      | Noticed Crazy Yiuf
  4084 | D:5      | Killed Crazy Yiuf
  4182 | D:5      | Noticed Vanger's ghost (amateur TrBe)
  4207 | D:5      | Killed Vanger's ghost
  4408 | D:5      | Noticed Blork the orc
  4418 | D:5      | Killed Blork the orc
  4453 | D:5      | Reached XP level 8. HP: 45/74 MP: 7/7
  4466 | D:5      | Reached skill level 8 in Fighting
  4486 | D:5      | Killed from afar by an orc priest

Action                   |  1- 3 |  4- 6 |  7- 9 || total
-------------------------+-------+-------+-------++-------
Melee: Unarmed           |   127 |   162 |    80 ||   369
Evoke: Wand              |       |     3 |       ||     3
  Use: Scroll            |       |    12 |       ||    12
       Potion            |       |       |     1 ||     1
 Stab: Sleeping          |     3 |     1 |       ||     4
  Eat: Pizza             |     1 |       |       ||     1
       Beef jerky        |       |     2 |       ||     2
       Bread ration      |       |     1 |     1 ||     2
